 Dungeon Crawl Stone Soup version 0.21.1-1-g345015f (webtiles) character file.

1043 tidbits the Insei (level 8, 20/60 HPs)
             Began as a Gnoll Transmuter on Mar 9, 2018.
             Quit the game on level 5 of the Dungeon.
             The game lasted 00:14:48 (2043 turns).

tidbits the Insei (Gnoll Transmuter)                Turns: 2043, Time: 00:14:49

Health: 20/60      AC:  5    Str: 13    XL:     8   Next: 25%
Magic:  10/16      EV: 15    Int: 18    God:
Gold:   311        SH:  0    Dex: 15    Spells: 12/18 levels left

rFire    . . .     SeeInvis .     - Unarmed
rCold    . . .     Gourm    .   (no shield)
rNeg     . . .     Faith    +   b - +0 robe
rPois    +         Spirit   .   (no helmet)
rElec    .         Reflect  .   (no cloak)
rCorr    .         Harm     .   (no gloves)
MR       .....                  F - +2 pair of boots
Stlth    ++........             v - amulet of faith
HPRegen  0.20/turn              P - ring of poison resistance
MPRegen  0.15/turn              (no ring)

@: no status effects
A: distributed training, fangs 1, strong nose
a: no special abilities


You were on level 5 of the Dungeon.
You were hungry.

You visited 1 branch of the dungeon, and saw 8 of its levels.

You collected 311 gold pieces.

Inventory:

Hand Weapons
 g - a +0 dagger
 m - a +0 blowgun
 r - a cursed +0 scimitar
 y - a +0 shortbow
 z - a +0 flail of draining
   (You took it off a gnoll on level 7 of the Dungeon)
 C - a cursed -3 short sword
Missiles
 a - 48 arrows
 e - 63 stones
 n - 35 poisoned needles
 q - 2 tomahawks (quivered)
Armour
 b - a +0 robe (worn)
 F - a +2 pair of boots (worn)
Jewellery
 p - an uncursed ring of ice
   (You found it on level 5 of the Dungeon)
 v - an amulet of faith (around neck)
   (You found it on level 3 of the Dungeon)
 P - a ring of poison resistance (left hand)
   (You found it on level 1 of the Dungeon)
Scrolls
 f - a scroll of amnesia
 h - 3 scrolls of teleportation
 i - a scroll of enchant weapon
 u - 3 scrolls of immolation
 x - 2 scrolls of fear
 A - a scroll of remove curse
 D - a scroll of random uselessness {unknown}
Potions
 j - 2 potions of brilliance {unknown}
 k - 2 potions of heal wounds
 l - 2 potions of cancellation
 o - a potion of berserk rage {unknown}
 s - a potion of flight {unknown}
 t - 2 potions of might
 w - a potion of curing
 B - a potion of degeneration {unknown}
Books
 c - a book of Changes

   Spells                             Type                      Level
   a - Beastly Appendage              Transmutation                1
   b - Sticks to Snakes               Transmutation                2
   c - Spider Form                    Transmutation/Poison         3
   d - Ice Form                       Ice/Transmutation            4
   e - Blade Hands                    Transmutation                5
Comestibles
 d - 5 rations


   Skills:
 + Level 4.0 Fighting
 + Level 3.0 Short Blades
 + Level 3.0 Long Blades
 + Level 3.0 Axes
 + Level 3.0 Maces & Flails
 + Level 3.0 Polearms
 + Level 3.0 Staves
 + Level 3.0 Slings
 + Level 3.0 Bows
 + Level 3.0 Crossbows
 + Level 3.0 Throwing
 + Level 3.0 Armour
 + Level 5.5 Dodging
 + Level 3.0 Stealth
 + Level 3.0 Shields
 + Level 7.2 Unarmed Combat
 + Level 5.9 Spellcasting
 + Level 2.4 Conjurations
 + Level 2.4 Hexes
 + Level 2.4 Charms
 + Level 2.4 Summonings
 + Level 2.4 Necromancy
 + Level 2.4 Translocations
 + Level 4.5 Transmutations
 + Level 2.4 Fire Magic
 + Level 2.4 Ice Magic
 + Level 2.4 Air Magic
 + Level 2.4 Earth Magic
 + Level 2.4 Poison Magic
 + Level 3.3 Invocations
 + Level 3.0 Evocations


You had 12 spell levels left.
You knew the following spells:

 Your Spells              Type           Power        Failure   Level  Hunger
e - Beastly Appendage     Tmut           ###...       1%          1    None
k - Sticks to Snakes      Tmut           ###.....     2%          2    None
p - Spider Form           Tmut/Pois      ###.......   9%          3    ##.....


Dungeon Overview and Level Annotations

Branches:
Dungeon (8/15)
 Temple: D:4-7         Lair: D:8-11

Altars:
Dithmenos
Qazlal
Ru
Sif Muna
Xom
Yredelemnul

Annotations:
D:7 2 transporters


Innate Abilities, Weirdness & Mutations

Your experience applies equally to all skills.
You have very sharp teeth.
Your uncanny sense of smell can sniff out nearby items.


Message History

Confirm with . or Enter, or press ? or * to list all spells.
You turn into a venomous arachnid creature.
Your +2 pair of boots melds into your body.
Your +0 robe melds into your body.
The ogre shouts!
Casting: Spider Form
Confirm with . or Enter, or press ? or * to list all spells.
You create a snake!
You now have 49 arrows.
You hit the hound.
The hound is poisoned.
The hound is lightly wounded.
The hound completely misses you.
You hit the hound.
The hound looks as sick as possible!
The hound is lightly wounded.
The hound completely misses you.
You bite the hound!
The hound looks as sick as possible!
The hound is almost dead.
You kill the hound!
The ogre hits your ball python with a giant club!
Your ball python dies!
Casting: Sticks to Snakes
Confirm with . or Enter, or press ? or * to list all spells.
You miscast Sticks to Snakes.
Nothing appears to happen.
Your transformation is almost over.
You bite the ogre!
The ogre is poisoned.
The ogre is heavily wounded.
You bite the ogre!
The ogre looks as sick as possible!
The ogre is severely wounded.
The ogre hits you with a giant club!!
* * * LOW HITPOINT WARNING * * *
You hit the ogre.
The ogre looks as sick as possible!
The ogre is almost dead.
The ogre hits you with a giant club!
* * * LOW HITPOINT WARNING * * *
You hit the ogre.
You kill the ogre!
Your Fighting skill increases to level 4!
Your Short Blades skill increases to level 3!
Your Long Blades skill increases to level 3!
Your Axes skill increases to level 3!
Your Maces & Flails skill increases to level 3!
Your Polearms skill increases to level 3!
Your Staves skill increases to level 3!
Your Slings skill increases to level 3!
Your Bows skill increases to level 3!
Your Crossbows skill increases to level 3!
Your Throwing skill increases to level 3!
Your Armour skill increases to level 3!
Your Stealth skill increases to level 3!
Your Shields skill increases to level 3!
Your Evocations skill increases to level 3!
You see here a giant club.
Your transformation has ended.
Your +2 pair of boots unmelds from your body.
Your +0 robe unmelds from your body.
You open the door.
A centaur zombie comes into view.
Found a scroll of immolation.
There is an open door here.
Casting: Sticks to Snakes
Confirm with . or Enter, or press ? or * to list all spells.
You turn into a venomous arachnid creature.
Your +2 pair of boots melds into your body.
Your +0 robe melds into your body.
The helpless centaur zombie fails to defend itself.
You hit the centaur zombie.
The centaur zombie is lightly damaged.
The centaur zombie hits you but does no damage.
Casting: Spider Form
Confirm with . or Enter, or press ? or * to list all spells.
You create a snake!
You now have 48 arrows.
The centaur zombie completely misses you.
You hit the centaur zombie.
The centaur zombie is moderately damaged.
The centaur zombie hits you.
* * * LOW HITPOINT WARNING * * *
You bite the centaur zombie!
The centaur zombie is heavily damaged.
The centaur zombie completely misses you.
The centaur zombie hits you.
* * * LOW HITPOINT WARNING * * *
You bite the centaur zombie!
The centaur zombie is almost destroyed.
Your ball python bites the centaur zombie.
The centaur zombie hits your ball python.
Your ball python dies!
You bite the centaur zombie!
You destroy the centaur zombie!
You see here a scroll of immolation.
u - 3 scrolls of immolation (gained 1)
You open the door.
Found a falchion and a puce potion.
There is an open door here.
Your transformation is almost over.
You see here a puce potion.
o - a puce potion Your magical contamination has completely faded away.
Your transformation has ended.
Your +2 pair of boots unmelds from your body.
Your +0 robe unmelds from your body.
Are you sure you want to abandon this character and quit the game? (Confirm with "yes".)

#.#.# #...# ..#.. ######### #.#.#
......... #.#.# ######### #.#.#
##### #. #.#.# ##....###.. #.#.#
.'.....##... #.#.#
##.....##....#.#@#######
........+......#........ ..#..#.#
..#....#############.# #.#..#.#
...+....+.............#
#.#..#.##....#....######....#####
#.#>.........+............).'....
#....#.#######....######....####.
######.# ###### ##....# #.
.....#.## #....## ##


There were no monsters in sight!

Vanquished Creatures
  An ice beast (D:7)
  A black bear (D:6)
  2 ogres (D:5)
  A centaur (D:6)
  A bullfrog (D:6)
  3 crimson imps
  A centaur zombie (D:5)
  A hound (D:5)
  A jelly (D:3)
  A centaur skeleton (D:6)
  An iguana (D:7)
  2 worker ants
  A hound skeleton (D:7)
  A worker ant zombie (D:6)
  12 gnolls
  5 adders
  A shadow imp (D:7)
  An adder skeleton (D:4)
  3 worms
  3 dart slugs (D:2)
  A leopard gecko (D:2)
  An orc (D:6)
  A ball python (D:3)
  5 bats
  6 giant cockroaches
  7 goblins
  7 hobgoblins
  2 jackals (D:2)
  5 kobolds
  2 quokkas
  3 frilled lizards (D:2)
  A jackal skeleton (D:7)
  A quokka skeleton (D:6)
  11 rats
96 creatures vanquished.

Vanquished Creatures (collateral kills)
  A worm (D:2)
  A goblin (D:2)
  2 hobgoblins (D:2)
4 creatures vanquished.

Grand Total: 100 creatures vanquished

Notes
Turn   | Place    | Note
-------+----------+-------------------------------------------
     0 | D:1      | tidbits the Gnoll Transmuter began the quest for the Orb.
     0 | D:1      | Reached XP level 1. HP: 17/17 MP: 6/6
    82 | D:1      | Reached XP level 2. HP: 22/23 MP: 5/7
    86 | D:1      | Learned a level 2 spell: Sticks to Snakes
   181 | D:2      | Reached XP level 3. HP: 21/28 MP: 5/9
   182 | D:2      | Reached skill level 5 in Spellcasting
   222 | D:2      | Found a stormy altar of Qazlal.
   246 | D:2      | Reached skill level 1 in Invocations
   251 | D:2      | Learned a level 3 spell: Spider Form
   268 | D:2      | Reached skill level 1 in Short Blades
   268 | D:2      | Reached skill level 1 in Long Blades
   268 | D:2      | Reached skill level 1 in Axes
   268 | D:2      | Reached skill level 1 in Maces & Flails
   268 | D:2      | Reached skill level 1 in Polearms
   268 | D:2      | Reached skill level 1 in Staves
   268 | D:2      | Reached skill level 1 in Slings
   268 | D:2      | Reached skill level 1 in Bows
   268 | D:2      | Reached skill level 1 in Crossbows
   268 | D:2      | Reached skill level 1 in Throwing
   268 | D:2      | Reached skill level 1 in Armour
   268 | D:2      | Reached skill level 1 in Stealth
   268 | D:2      | Reached skill level 1 in Shields
   268 | D:2      | Reached skill level 1 in Evocations
   338 | D:2      | Reached XP level 4. HP: 27/34 MP: 9/11
   668 | D:4      | Reached skill level 1 in Conjurations
   668 | D:4      | Reached skill level 1 in Hexes
   668 | D:4      | Reached skill level 1 in Charms
   668 | D:4      | Reached skill level 1 in Summonings
   668 | D:4      | Reached skill level 1 in Necromancy
   668 | D:4      | Reached skill level 1 in Translocations
   668 | D:4      | Reached skill level 1 in Fire Magic
   668 | D:4      | Reached skill level 1 in Ice Magic
   668 | D:4      | Reached skill level 1 in Air Magic
   668 | D:4      | Reached skill level 1 in Earth Magic
   668 | D:4      | Reached skill level 1 in Poison Magic
   673 | D:5      | Entered Level 5 of the Dungeon
   674 | D:5      | Found a deep blue altar of Sif Muna.
   681 | D:5      | Found a basalt altar of Yredelemnul.
   799 | D:5      | Noticed an ogre
   810 | D:5      | Killed an ogre
   810 | D:5      | Reached skill level 3 in Fighting
   810 | D:5      | Reached XP level 5. HP: 41/41 MP: 5/12
   837 | D:3      | Reached skill level 4 in Transmutations
  1065 | D:6      | Noticed a centaur
  1076 | D:6      | Killed a centaur
  1076 | D:6      | Reached skill level 2 in Invocations
  1076 | D:6      | Reached XP level 6. HP: 32/47 MP: 11/14
  1093 | D:6      | Reached skill level 2 in Short Blades
  1093 | D:6      | Reached skill level 2 in Long Blades
  1093 | D:6      | Reached skill level 2 in Axes
  1093 | D:6      | Reached skill level 2 in Maces & Flails
  1093 | D:6      | Reached skill level 2 in Polearms
  1093 | D:6      | Reached skill level 2 in Staves
  1093 | D:6      | Reached skill level 2 in Slings
  1093 | D:6      | Reached skill level 2 in Bows
  1093 | D:6      | Reached skill level 2 in Crossbows
  1093 | D:6      | Reached skill level 2 in Throwing
  1093 | D:6      | Reached skill level 2 in Armour
  1093 | D:6      | Reached skill level 5 in Dodging
  1093 | D:6      | Reached skill level 2 in Stealth
  1093 | D:6      | Reached skill level 2 in Shields
  1093 | D:6      | Reached skill level 2 in Evocations
  1278 | D:7      | Reached XP level 7. HP: 38/52 MP: 9/15
  1443 | D:7      | Reached skill level 7 in Unarmed Combat
  1443 | D:7      | Reached skill level 2 in Conjurations
  1443 | D:7      | Reached skill level 2 in Hexes
  1443 | D:7      | Reached skill level 2 in Charms
  1443 | D:7      | Reached skill level 2 in Summonings
  1443 | D:7      | Reached skill level 2 in Necromancy
  1443 | D:7      | Reached skill level 2 in Translocations
  1443 | D:7      | Reached skill level 2 in Fire Magic
  1443 | D:7      | Reached skill level 2 in Ice Magic
  1443 | D:7      | Reached skill level 2 in Air Magic
  1443 | D:7      | Reached skill level 2 in Earth Magic
  1443 | D:7      | Reached skill level 2 in Poison Magic
  1454 | D:7      | Found a transporter.
  1456 | D:7      | Found a shadowy altar of Dithmenos.
  1458 | D:7      | Noticed a basilisk
  1458 | D:7      | Noticed a vampire mosquito
  1484 | D:7      | Found a sacrificial altar of Ru.
  1500 | D:7      | Found a transporter.
  1617 | D:6      | Reached skill level 3 in Invocations
  1887 | D:5      | Reached XP level 8. HP: 34/60 MP: 14/16
  1911 | D:5      | Found a shimmering altar of Xom.
  1912 | D:5      | Found a shimmering altar of Xom.
  1912 | D:5      | Found a shimmering altar of Xom.
  1912 | D:5      | Found a shimmering altar of Xom.
  1992 | D:5      | Reached skill level 4 in Fighting
  1992 | D:5      | Reached skill level 3 in Short Blades
  1992 | D:5      | Reached skill level 3 in Long Blades
  1992 | D:5      | Reached skill level 3 in Axes
  1992 | D:5      | Reached skill level 3 in Maces & Flails
  1992 | D:5      | Reached skill level 3 in Polearms
  1992 | D:5      | Reached skill level 3 in Staves
  1992 | D:5      | Reached skill level 3 in Slings
  1992 | D:5      | Reached skill level 3 in Bows
  1992 | D:5      | Reached skill level 3 in Crossbows
  1992 | D:5      | Reached skill level 3 in Throwing
  1992 | D:5      | Reached skill level 3 in Armour
  1992 | D:5      | Reached skill level 3 in Stealth
  1992 | D:5      | Reached skill level 3 in Shields
  1992 | D:5      | Reached skill level 3 in Evocations
  2043 | D:5      | Quit the game

Skill      XL: |  1  2  3  4  5  6  7  8 |
---------------+-------------------------+-----
Spellcasting   | 5 |  5.9
Invocations    | 1 2 3 |  3.3
Short Blades   | 1 2 3 |  3.0
Long Blades    | 1 2 3 |  3.0
Axes           | 1 2 3 |  3.0
Maces & Flails | 1 2 3 |  3.0
Polearms       | 1 2 3 |  3.0
Staves         | 1 2 3 |  3.0
Slings         | 1 2 3 |  3.0
Bows           | 1 2 3 |  3.0
Crossbows      | 1 2 3 |  3.0
Throwing       | 1 2 3 |  3.0
Armour         | 1 2 3 |  3.0
Stealth        | 1 2 3 |  3.0
Shields        | 1 2 3 |  3.0
Evocations     | 1 2 3 |  3.0
Conjurations   | 1 2 |  2.4
Hexes          | 1 2 |  2.4
Charms         | 1 2 |  2.4
Summonings     | 1 2 |  2.4
Necromancy     | 1 2 |  2.4
Translocations | 1 2 |  2.4
Fire Magic     | 1 2 |  2.4
Ice Magic      | 1 2 |  2.4
Air Magic      | 1 2 |  2.4
Earth Magic    | 1 2 |  2.4
Poison Magic   | 1 2 |  2.4
Fighting       | 3 4 |  4.0
Transmutations | 4 |  4.5
Dodging        | 5 |  5.5
Unarmed Combat | 7 |  7.2

Action                   |  1- 3 |  4- 6 |  7- 9 || total
-------------------------+-------+-------+-------++-------
Melee: Unarmed           |    58 |   100 |    98 ||   256
       Headbutt          |     3 |       |       ||     3
       Bite              |     6 |       |     1 ||     7
       Punch             |     3 |     1 |       ||     4
       Kick              |    11 |       |       ||    11
 Cast: Beastly Appendage |    11 |       |       ||    11
       Sticks to Snakes  |     3 |    10 |     4 ||    17
       Spider Form       |     1 |    22 |    12 ||    35
  Use: Scroll            |     2 |    11 |     3 ||    16
       Potion            |       |       |     2 ||     2
 Stab: Sleeping          |     2 |     6 |     2 ||    10
       Invisible         |       |       |     4 ||     4
  Eat: Ration            |       |     1 |       ||     1
       Chunk             |       |       |     2 ||     2
Armor: Robe              |     9 |       |     2 ||    11
       Skin              |       |     9 |     6 ||    15
Dodge: Dodged            |    38 |    71 |   113 ||   222

Table legend:
 A = Turns spent in this place as a percentage of turns spent in the entire game.
 B = Non-inter-level travel turns spent in this place as a percentage of non-inter-level travel turns spent in the entire game.
 C = Inter-level travel turns spent in this place as a percentage of turns spent in this place.
 D = Turns resting spent in this place as a percentage of non-inter-level travel turns spent in this place.
 E = Turns spent auto-exploring this place as a percentage of non-inter-level travel turns spent in this place.
 F = Non-inter-level travel turns spent in this place divided by the number of levels of this place that you've seen.
                   A       B       C       D       E      F
               +-------+-------+-------+-------+-------+----------------------
         Total | 100.0 | 100.0 |   3.4 |   0.0 |   0.0 | 246.6
       Dungeon | 100.0 | 100.0 |   3.4 |   0.0 |   0.0 | 246.6
               +-------+-------+-------+-------+-------+----------------------

Table legend:
 A = Kills in this place as a percentage of kills in entire the game.
 B = Kills by you in this place as a percentage of kills by you in the entire game.
 C = Kills by friends in this place as a percentage of kills by friends in the entire game.
 D = Other kills in this place as a percentage of other kills in the entire game.
 E = Experience gained in this place as a percentage of experience gained in the entire game.
 F = Experience gained in this place divided by the number of levels of this place that you have seen.
                   A       B       C       D       E      F
               +-------+-------+-------+-------+-------+----------------------
         Total | 100.0 | 100.0 | 100.0 |   N/A | 100.0 | 186.4
       Dungeon | 100.0 | 100.0 | 100.0 |   N/A | 100.0 | 186.4
               +-------+-------+-------+-------+-------+----------------------

Vault maps used:
D:1:      ncdulo_smallfort, dk_noncrumbling_3, minivault_14, minmay_distorted
D:2:      grunt_qazlal_clouds
D:3:      first_ration
D:5:      xom_redecorated, grunt_temple_overflow_open,
          minmay_temple_entry_statues_pillars, serial_co_window_serial,
          co_window_corner_a, co_window_corner_a, co_window_paths_a,
          co_window_paths_b, co_window_of_opportunity_a, co_window_paths_b,
          co_window_paths_a, co_window_unsneaky_path_d, co_window_2corner,
          co_window_corner_b, co_window_unsneaky_path_a
D:6:      overflow_temple_1_default, serial_glass, glass_columns_c,
          glass_columns_a, minivault_19
D:7:      kennysheep_mini, gammafunk_temple_overflow_arena
D:8:      minmay_the_grid_triangle_9x9_recursive_2, marbit_many_paths
